 Dungeon Crawl Stone Soup version 0.28-a0-1629-gf728b707aa (webtiles) character file.

Game seed: 2464043152781909946

95 HallandMoats the Skirmisher (level 4, -1/40 HPs)
             Began as a Ghoul Fighter on Jan 24, 2022.
             Was a Follower of Wu Jian.
             Slain by a worm (2 damage)
             ... on level 3 of the Dungeon.
             The game lasted 00:02:44 (1242 turns).

HallandMoats the Skirmisher (Ghoul Fighter)         Turns: 1242, Time: 00:02:45

Health: -1/40      AC:  7    Str: 19    XL:     4   Next: 66%
Magic:  3/3        EV:  9    Int:  3    God:    Wu Jian [*.....]
Gold:   6          SH:  4    Dex: 10    Spells: 3/3 levels left

rFire   . . .      SeeInvis .   a - +0 trident
rCold   + . .      Faith    .   c - +0 buckler
rNeg    + + +      Spirit   .   b - +0 scale mail
rPois   ∞          Reflect  .   (no helmet)
rElec   .          Harm     .   (no cloak)
rCorr   .          Rampage  .   f - +0 pair of gloves
Will    .....                   (no boots)
Stlth   ..........              (no amulet)
HPRegen 0.00/turn               (no ring)
MPRegen 0.08/turn               (no ring)

@: inhibited regen
A: claws 1, cold resistance 1, negative energy resistance 3, inhibited
regeneration, torment resistance 2
a: Renounce Religion


You were on level 3 of the Dungeon.
You worshipped Wu Jian.
Wu Jian was aware of your devotion.
You visited 1 branch of the dungeon, and saw 3 of its levels.

You collected 76 gold pieces.
You spent 70 gold pieces at shops.

Inventory:

Hand Weapons
 a - a +0 trident (weapon)
Armour
 b - a +0 scale mail (worn)
 c - a +0 buckler (worn)
 f - a +0 pair of gloves (worn)
Scrolls
 j - 2 scrolls of teleportation
Potions
 d - 2 potions of attraction {unknown}
 e - a potion of lignification {unknown}
 h - a potion of haste {unknown}
 i - a potion of brilliance {unknown}


   Skills:
 * Level 4.1 Fighting
 * Level 2.8 Polearms
 + Level 3.0 Armour
 + Level 1.1 Dodging
 + Level 3.0 Shields


You had 3 spell levels left.
You didn't know any spells.
Your spell library contained the following spells:

 Spells                   Type           Power      Damage    Failure   Level
 Sandblast                Erth           0%         2d4       94%         1
 Passwall                 Tmut/Erth      0%         N/A       98%         2
 Stone Arrow              Conj/Erth      0%         3d7       100%        3


Dungeon Overview and Level Annotations

Branches:
Dungeon (2/15)

Altars:
Wu Jian

Shops:
D:3 ?[[!


Innate Abilities, Weirdness & Mutations

You thrive by killing the living.
You are immune to poison.
You have sharp fingernails.
Your flesh is cold resistant. (rC+)
You are immune to negative energy. (rN+++)
You do not regenerate when monsters are visible.
You are immune to unholy pain and torment.


Message History

You are too injured to fight recklessly!
You are too injured to fight recklessly!
You are too injured to fight recklessly!
You are too injured to fight recklessly!
You are too injured to fight recklessly!
There are monsters nearby!
There are monsters nearby!
There are monsters nearby!
You are too injured to fight recklessly!
You closely miss the adder.
The adder is heavily wounded.
The adder bites you. The worm bites you!
* * * LOW HITPOINT WARNING * * *
You puncture the adder!
You kill the adder!
The Council accepts your kill.
Your Armour skill increases to level 3!
You see here an adder corpse.
Reach: a) +0 trident
Press: ? - help, Dir - move target, f - worm
Aim: a worm (about 23% to evade your +0 trident)
You reach to attack!
You puncture the worm!
The worm is severely wounded.
Reach: a) +0 trident
Press: ? - help, Dir - move target, f/p - worm
Aim: a worm (heavily wounded, about 23% to evade your +0 trident)
You barely miss the worm.
The worm is heavily wounded.
The worm closely misses you.
Reach: a) +0 trident
Press: ? - help, Dir - move target, f/p - worm
Aim: a worm (heavily wounded, about 23% to evade your +0 trident)
You hit the worm.
The worm is severely wounded.
The worm bites you.
* * * LOW HITPOINT WARNING * * *
You lunge at the worm.
You hit the worm.
The worm is heavily wounded.
The worm bites you.
You die...

## #.......# .#####.....w.######
.....#.......#....# .....+......
#....# .....#..... #....#
.....#.... #....# # #
.....##..#####.w@.##.#...#
..........†.....>........#
.....###.####.#######...##
.....# #..#....# ##
.########.#....##########
......# #.#..........)..#
....#####..##.#########.#
....................###.########
....######.##.#####.#...........


You could see a worm.

Vanquished Creatures
  An orc priest (D:3)
  2 adders (D:3)
  2 dart slugs
  4 orcs (D:3)
  5 ball pythons (D:1)
  An endoplasm (D:1)
  A giant cockroach (D:1)
  3 goblins
  3 hobgoblins
  3 jackals (D:1)
  6 kobolds
  2 quokkas (D:1)
  2 bats (D:1)
  3 frilled lizards
38 creatures vanquished.

Notes
Turn   | Place    | Note
-------+----------+-------------------------------------------
     0 | D:1      | HallandMoats the Ghoul Fighter began the quest for the Orb.
     0 | D:1      | Reached XP level 1. HP: 19/19 MP: 0/0
    91 | D:1      | Reached XP level 2. HP: 26/26 MP: 1/1
   470 | D:1      | Found a faded altar of an unknown god.
   593 | D:1      | Reached XP level 3. HP: 30/33 MP: 2/2
   835 | D:1      | Prayed at the altar of an unknown god.
   835 | D:1      | Became a worshipper of the Wu Jian Council
   835 | D:1      | Reached * piety under Wu Jian
   873 | D:2      | You fall into a shaft and drop 1 floor!
   904 | D:3      | Found Yfemodoe's Magic Scroll Emporium.
   912 | D:3      | Bought a scroll of teleportation for 42 gold pieces
   912 | D:3      | Bought a scroll of identify for 28 gold pieces
  1048 | D:3      | Found Lalinn's Antique Armour Shoppe.
  1057 | D:3      | Found Joto's Armour Boutique.
  1064 | D:3      | Reached skill level 4 in Fighting
  1064 | D:3      | Reached skill level 1 in Dodging
  1064 | D:3      | Reached XP level 4. HP: 37/40 MP: 3/3
  1153 | D:3      | Found Hecauthro's Distillery.
  1231 | D:3      | HP: 1/40 [worm (4)]
  1242 | D:3      | Slain by a worm

Illustrated notes

Levels and vault maps discovered:
D:1:      scummos_arrival_forest, layout_loops_ring,
          hellmonk_ecumenical_altar_inner_sanctum, corexii_leaking_fountain,
          minmay_split_cup_large
D:2:      layout_rooms, mrwooster_statue_mirror, uniq_robin
D:3:      layout_basic, gammafunk_temple_overflow_elements,
          gammafunk_ghost_grave, serial_shops, shop,
          nicolae_shop_hallway_stairs, shop, nicolae_shop_waterfront, shop

Skill      XL: |  1  2  3  4 |
---------------+-------------+-----
Polearms       | 2 |  2.8
Fighting       | 4 |  4.1
Dodging        | 1 |  1.1
Shields        | 3 |  3.0
Armour         | 3 |  3.0

Action                   |  1- 3 |  4- 6 || total
-------------------------+-------+-------++-------
Melee: Trident           |    81 |    38 ||   119
Invok: Lunge             |       |     1 ||     1
  Use: Scroll            |     2 |       ||     2
       Potion            |     1 |       ||     1
Armor: Scale mail        |    26 |    20 ||    46
Dodge: Dodged            |    46 |    13 ||    59
Block: Buckler           |    13 |     7 ||    20

Table legend: (Time is in decaauts)
 A = Elapsed time spent in this place.
 B = Non-inter-level travel time spent in this place.
 C = Inter-level travel time spent in this place.
 D = Time resting spent in this place.
 E = Time spent auto-exploring this place.
 F = Levels seen in this place.
 G = Mean time per level.
                   A        B        C        D        E       F      G
               +--------+--------+--------+--------+--------+-----+--------+
         Total |   1270 |   1184 |     86 |      0 |    907 |   3 |  423.3 |
       Dungeon |   1270 |   1184 |     86 |      0 |    907 |   3 |  423.3 |
               +--------+--------+--------+--------+--------+-----+--------+

Top non-repeatable levels by time:
     D:1: 887 daAuts
     D:3: 382 daAuts
